 Dungeon Crawl Stone Soup version 0.25.0-46-gbd7b0854d2 (console) character file.

Game seed: 6110670919830845884

7251 Colgate the Tainter (level 11, -4/67 HPs)
             Began as an Octopode Venom Mage on July 14, 2020.
             Was a Priest of Sif Muna.
             Slain by a wolf (11 damage)
             ... on level 10 of the Dungeon.
             The game lasted 03:06:29 (14325 turns).

Colgate the Tainter (Octopode Venom Mage)          Turns: 14325, Time: 03:06:30

Health: -4/67      AC:  1    Str:  8    XL:     11   Next: 12%
Magic:  23/23      EV: 13    Int: 21    God:    Sif Muna [***...]
Gold:   293        SH:  5    Dex: 12    Spells: 10/27 levels left

rFire    . . .     SeeInvis .   M - +0 morningstar (drain)
rCold    + . .     Gourm    .   (no shield)
rNeg     . . .     Faith    .   (helmet restricted)
rPois    .         Spirit   .   C - amulet of reflection
rElec    .         Reflect  +   c - ring of protection from fire
rCorr    .         Harm     .   V - ring of ice
MR       .....     Rnd*Tele +   X - ring of teleportation (curse)
Stlth    +++.......             (no ring)
HPRegen  0.21/turn              (no ring)
MPRegen  0.18/turn              (no ring)
                                (no ring)
                                (no ring)

@: no status effects
A: almost no armour, stealthy swim, amphibious, 8 rings, constrict 8, camouflage
1, gelatinous body 1
a: Channel Magic, Forget Spell, Renounce Religion


You were on level 10 of the Dungeon.
You worshipped Sif Muna.
Sif Muna was most pleased with you.
You were near starving.

You visited 1 branch of the dungeon, and saw 10 of its levels.

You collected 503 gold pieces.
You spent 210 gold pieces at shops.

Inventory:

Hand Weapons
 u - a +2 mace of protection
 y - a +1 dagger of draining
 z - a +0 shortbow
 E - a +0 great mace
 M - a +0 morningstar of draining (weapon)
 Q - the +6 long sword of the Seven Moons {chaos, *Slow rElec MR+ Str+2}
   (You found it on level 6 of the Dungeon)

   Each time it hits an enemy it has a different, random effect.
   It affects your strength (+2).
   It insulates you from electricity.
   It affects your resistance to hostile enchantments.
   It may slow you when you take damage.
 U - a +0 dire flail
 W - a +0 flail of protection
Missiles
 e - 219 stones
 h - 134 arrows
 n - 44 bolts
 A - 25 boomerangs
 F - 41 poisoned darts
 K - 4 javelins (quivered)
 N - 5 silver boomerangs
Jewellery
 c - a ring of protection from fire (left tentacle)
 q - an uncursed amulet of the acrobat
 C - an amulet of reflection (around mantle)
 T - an uncursed amulet of faith
 V - a ring of ice (right tentacle)
 X - a cursed ring of teleportation (on tentacle)
Wands
 k - a wand of flame (16)
 p - a wand of polymorph (6)
 I - a wand of paralysis (10)
 O - a wand of digging (5)
Scrolls
 i - 2 scrolls of magic mapping
 l - 2 scrolls of identify
 o - a scroll of enchant armour
 r - 3 scrolls of silence {unknown}
 s - a scroll of brand weapon {unknown}
 w - 5 scrolls of fog
 x - 3 scrolls of amnesia
 B - a scroll of vulnerability {unknown}
 D - 4 scrolls of teleportation {unknown}
 G - 2 scrolls of immolation
 H - 2 scrolls of fear
 J - a scroll of enchant weapon {unknown}
 L - a scroll of random uselessness {unknown}
 R - 2 scrolls of remove curse {unknown}
 S - a scroll of blinking {unknown}
Potions
 a - a potion of stabbing
 d - 4 potions of curing
 f - 2 potions of cancellation
 g - 3 potions of resistance
 j - a potion of ambrosia
 m - 2 potions of berserk rage
 t - 3 potions of degeneration
 v - 2 potions of flight
 P - 2 potions of brilliance {unknown}
Comestibles
 b - 14 rations


   Skills:
 - Level 3.3 Fighting
 - Level 6.2 Maces & Flails
 - Level 5.0 Bows
 - Level 3.0 Throwing
 - Level 2.0 Dodging
 - Level 3.7 Stealth
 + Level 8.5 Spellcasting
 - Level 1.3 Summonings
 - Level 1.0 Transmutations
 - Level 1.0 Fire Magic
 - Level 2.1 Air Magic
 - Level 12.0 Poison Magic


You had 10 spell levels left.
You knew the following spells:

 Your Spells              Type           Power        Failure   Level  Hunger
a - Mephitic Cloud        Conj/Pois/Air  ####....     3%          3    None
b - Poisonous Vapours     Pois/Air       #####.       1%          2    None
c - Olgreb's Toxic Radia  Pois           ######..     1%          4    ###....
d - Ignite Poison         Fire/Tmut/Pois ####....     3%          3    None
e - Call Imp              Summ           ##......     6%          2    None
f - Call Canine Familiar  Summ           ##......     13%         3    None

Your spell library contained the following spells:

 Spells                   Type           Power        Failure   Level  Hunger
 Sting                    Tmut/Pois      ####         1%          1    None
 Summon Small Mammal      Summ           ##..         4%          1    None
 Summon Guardian Golem    Hex/Summ       ##......     17%         3    None
 Confusing Touch          Hex            #.......     22%         3    None
 Gell's Gravitas          Tloc           #.........   22%         3    None
 Summon Lightning Spire   Summ/Air       ###.....     36%         4    ###....
 Summon Ice Beast         Ice/Summ       ###.....     50%         4    ###....
 Petrify                  Tmut/Erth      ##......     52%         4    ###....
 Yara's Violent Unravell  Hex/Tmut       ##........   86%         5    #####..
 Metabolic Englaciation   Hex/Ice        ##........   91%         5    #####..


Dungeon Overview and Level Annotations

Branches:
Dungeon (10/15)            Temple (0/1) D:5             Orc (0/2) D:9
   Lair: D:8-11

Altars:
Ashenzari
Dithmenos
Fedhas
Kikubaaqudgha
Makhleb
Okawaru
Qazlal
Ru
Sif Muna
Trog
Yredelemnul
The Shining One

Shops:
D:4 %   D:5 !   D:7 [

Annotations:
D:7 3 runed translucent doors, Askman's ghost, novice DDAr


Innate Abilities, Weirdness & Mutations

You cannot wear most types of armour.
You are very stealthy in the water. (Stealth+)
You are amphibious.
You can wear up to eight rings at the same time.
You can use your tentacles to constrict eight enemies at once.
Your skin changes colour to match your surroundings (Stealth+).
Your rubbery body absorbs attacks. (AC +1, EV +1)


Message History

The ball explodes into a vile cloud!
The stinking cloud engulfs the wolf but does no damage.
The wolf is heavily wounded.
You hear a bark! x2
The wolf bites you.
* * * LOW HITPOINT WARNING * * *
The wolf closely misses you.
Casting: Mephitic Cloud (dangerous; 3% risk of failure)
Confirm with . or Enter, or press ? or * to list all spells.
Okay, then.
Casting: Mephitic Cloud (dangerous; 3% risk of failure)
Confirm with . or Enter, or press ? or * to list all spells.
You ignite the poison in your surroundings!
The wolf bites you.
* * * LOW HITPOINT WARNING * * *
The wraith is engulfed in blazing flames.
The wolf bites you!
* * * LOW HITPOINT WARNING * * *
The wolf bites you!
You die...

........#
#.#..#
........#
###..#
.######## #
####### ####
#....) .....
#..))#
.....###....#
............#
...........○#
........W..○#
.......@h.h○#
.....######†#
..# .# .. ...
..h. ≈..;.
≈..≈≈≈


You could see a wraith, a wolf and a hound.

Vanquished Creatures
  Urug (D:10)
  Pikel (D:7)
  Maurice (D:8)
  Maggie (D:6)
  2 trolls
  2 hippogriffs (D:9)
  Eustachio (D:6)
  7 orc warriors
  A sky beast (D:8)
  A necrophage (D:7)
  A slave (D:7)
  2 phantoms
  5 ogres
  2 centaurs
  A wolf (D:10)
  3 bullfrogs
  3 big kobolds
  A wyvern zombie (D:6)
  4 scorpions
  A wyvern skeleton (D:9)
  5 killer bees (D:8)
  3 wights (D:6)
  4 howler monkeys
  A bullfrog zombie (D:9)
  A crimson imp (D:6)
  13 orc priests
  7 hounds
  A centaur zombie (D:5)
  2 jellies (D:8)
  12 orc wizards
  Crazy Yiuf (D:6)
  A bullfrog skeleton (D:5)
  Ijyb (D:3)
  2 iguanas (D:5)
  8 worker ants
  A killer bee zombie (D:8)
  A hound zombie (D:4)
  A hound skeleton (D:5)
  A howler monkey zombie (D:8)
  A worker ant zombie (D:7)
  16 adders
  7 gnolls (D:3)
  2 shadow imps
  An ooze (D:2)
  3 worms
  A dart slug (D:2)
  10 leopard geckos
  43 orcs
  2 giant cockroaches
  6 goblins
  8 hobgoblins
  18 jackals
  A quokka (D:2)
  A ball python skeleton (D:6)
  9 bats
  6 frilled lizards
  19 kobolds
  A leopard gecko skeleton (D:4)
  A quokka zombie (D:8)
  3 rats
266 creatures vanquished.

Vanquished Creatures (collateral kills)
  A phantom (D:10)
  A crimson imp (D:8)
2 creatures vanquished.

Vanquished Creatures (others)
  A sky beast (D:7)
  A hound zombie (D:7)
  An adder (D:5)
3 creatures vanquished.

Grand Total: 271 creatures vanquished

Notes
Turn   | Place    | Note
-------+----------+-------------------------------------------
     0 | D:1      | Colgate the Octopode Venom Mage began the quest for the
                  | Orb.
     0 | D:1      | Reached XP level 1. HP: 11/11 MP: 3/3
   243 | D:1      | Reached skill level 4 in Poison Magic
   267 | D:1      | Reached XP level 2. HP: 17/17 MP: 0/5
   271 | D:1      | Learned a level 2 spell: Poisonous Vapours
   860 | D:1      | Reached XP level 3. HP: 14/21 MP: 3/6
   995 | D:1      | Reached skill level 5 in Poison Magic
  1323 | D:1      | Reached skill level 1 in Air Magic
  2131 | D:2      | Reached XP level 4. HP: 19/27 MP: 4/7
  2469 | D:2      | Reached skill level 6 in Poison Magic
  2475 | D:2      | Learned a level 4 spell: Olgreb's Toxic Radiance
  3229 | D:3      | Noticed Ijyb
  3248 | D:3      | Killed Ijyb
  3248 | D:3      | Reached XP level 5. HP: 31/31 MP: 4/8
  3768 | D:3      | Reached skill level 7 in Poison Magic
  3875 | D:3      | Reached skill level 1 in Throwing
  4021 | D:4      | Reached XP level 6. HP: 33/36 MP: 0/9
  4740 | D:4      | Found Faucreots's Food Shoppe.
  4824 | D:4      | Reached skill level 8 in Poison Magic
  4917 | D:4      | Found the +15 Maxwell's patent armour {-Cast -Tele rElec
                  | MR+ rCorr}
  5271 | D:4      | Found a burning altar of Makhleb.
  5287 | D:4      | Reached XP level 7. HP: 41/41 MP: 1/10
  5390 | D:4      | Learned a level 3 spell: Ignite Poison
  5606 | D:4      | Found an iron altar of Okawaru.
  5683 | D:4      | Found a stormy altar of Qazlal.
  5686 | D:4      | Found a shadowy altar of Dithmenos.
  5686 | D:4      | Found a basalt altar of Yredelemnul.
  5686 | D:4      | Found a sacrificial altar of Ru.
  5691 | D:4      | Reached skill level 9 in Poison Magic
  5733 | D:4      | Found a shimmering blue altar of Sif Muna.
  5733 | D:4      | Found a blossoming altar of Fedhas.
  5746 | D:4      | Became a worshipper of Sif Muna the Loreminder
  5924 | D:5      | Entered Level 5 of the Dungeon
  6217 | D:5      | Found Kuesidoe's Distillery.
  6219 | D:5      | Found a staircase to the Ecumenical Temple.
  6225 | D:5      | Bought a potion of stabbing for 56 gold pieces
  6225 | D:5      | Bought a potion of flight for 42 gold pieces
  6225 | D:5      | Bought a potion of berserk rage for 70 gold pieces
  6225 | D:5      | Bought a potion of curing for 42 gold pieces
  6446 | D:5      | Found an ancient bone altar of Kikubaaqudgha.
  6474 | D:5      | Reached skill level 10 in Poison Magic
  6475 | D:5      | Reached skill level 1 in Maces & Flails
  6482 | D:5      | Reached XP level 8. HP: 29/46 MP: 2/11
  6994 | D:5      | Reached skill level 1 in Fighting
  7452 | D:6      | Noticed Eustachio
  7461 | D:6      | Killed Eustachio
  7461 | D:6      | Reached skill level 11 in Poison Magic
  7602 | D:6      | Noticed Maggie
  7613 | D:6      | Killed Maggie
  7681 | D:6      | Reached XP level 9. HP: 53/53 MP: 12/12
  7686 | D:6      | Learned a level 3 spell: Mephitic Cloud
  7706 | D:6      | Reached skill level 12 in Poison Magic
  7710 | D:6      | Reached * piety under Sif Muna
  7710 | D:6      | Reached skill level 1 in Bows
  7939 | D:6      | Got a twisted long sword
  7940 | D:6      | Identified the +6 long sword of the Seven Moons {chaos,
                  | *Slow rElec MR+ Str+2} (You found it on level 6 of the
                  | Dungeon)
  8015 | D:6      | Found a glowing golden altar of the Shining One.
  8146 | D:6      | Found a runed translucent door.
  8147 | D:6      | Noticed Crazy Yiuf
  8668 | D:6      | Killed Crazy Yiuf
  9576 | D:7      | Noticed Pikel
  9579 | D:7      | Killed Pikel
  9579 | D:7      | Reached XP level 10. HP: 54/63 MP: 0/14
  9795 | D:7      | Found a runed translucent gate.
  9797 | D:7      | Found a runed translucent gate.
  9798 | D:7      | Found a runed translucent gate.
  9799 | D:7      | Noticed Askman's ghost (novice DDAr)
  9826 | D:7      | Reached ** piety under Sif Muna
  9832 | D:7      | Reached skill level 1 in Fire Magic
  9838 | D:7      | Found Engunt's Antique Armour Emporium.
 10220 | D:7      | Found a shattered altar of Ashenzari.
 10777 | D:8      | Learned a level 2 spell: Call Imp
 11306 | D:8      | Noticed Maurice
 11314 | D:8      | Killed Maurice
 11314 | D:8      | Reached skill level 5 in Bows
 11938 | D:9      | Reached skill level 5 in Spellcasting
 12358 | D:9      | Found a staircase to the Orcish Mines.
 12842 | D:9      | Reached *** piety under Sif Muna
 13649 | D:9      | Found a bloodstained altar of Trog.
 13857 | D:10     | Entered Level 10 of the Dungeon
 14008 | D:10     | Reached XP level 11. HP: 67/67 MP: 10/22
 14118 | D:10     | Noticed Urug
 14158 | D:10     | Killed Urug
 14300 | D:10     | Reached skill level 1 in Summonings
 14307 | D:10     | Learned a level 3 spell: Call Canine Familiar
 14325 | D:10     | Slain by a wolf

Illustrated notes

Levels and vault maps discovered:
D:1:      giann_bridges, layout_loops_ring
D:2:      layout_basic, grunt_decor_mini_mirrors
D:3:      layout_basic, first_ration, uniq_ijyb
D:4:      layout_layer_cave, minmay_overflow_temple_hex, lemuel_doored_altar,
          marbit_many_paths, serial_shops, nicolae_shop_waterfront, minivault_19
D:5:      layout_basic, kiku_gazebo_garden_becter,
          minmay_temple_entry_statues_pillars, serial_shops, shop,
          minmay_misc_feat_iff, lemuel_flame_loot_1
D:6:      layout_basic, lemuel_round_altar, chequers_serial_rivers_marsh,
          minmay_misc_feat_pillars, uniq_maggie, uniq_eustachio,
          uniq_crazy_yiuf_cottage
D:7:      layout_loops_corners, nicolae_overflow_hidden_temple,
          gammafunk_ghost_necromancy, serial_shops, shop_statue, uniq_pikel
D:8:      layout_loops_cross, uniq_maurice
D:9:      layout_long_grid, kennysheep_mini_moat, orc_0_dummy, serial_glass,
          glass_columns_a, glass_columns_a, glass_columns_b
D:10:     layout_basic, erik_lair_island, basic_altar, uniq_urug, uniq_grum

Skill      XL: |  1  2  3  4  5  6  7  8  9 10 11 |
---------------+----------------------------------+-----
Poison Magic   | 4 5 6 7 8 10 11 12 | 12.0
Air Magic      | 1 2 |  2.1
Throwing       | 1 3 |  3.0
Maces & Flails | 2 3 6 |  6.2
Fighting       | 1 3 |  3.3
Bows           | 4 5 |  5.0
Spellcasting   | 3 7 8 |  8.5
Fire Magic     | 1 |  1.0
Stealth        | 3 |  3.7
Summonings     | 1 |  1.3
Dodging        | |  2.0
Transmutations | |  1.0

Action                   |  1- 3 |  4- 6 |  7- 9 | 10-12 || total
-------------------------+-------+-------+-------+-------++-------
Melee: Unarmed           |     4 |       |       |       ||     4
       Constrict         |    15 |     9 |    15 |     9 ||    48
       Tentacles         |     4 |     7 |    12 |     8 ||    31
       Club              |    37 |       |       |       ||    37
       Short sword       |     4 |    11 |       |       ||    15
       Whip              |     3 |       |       |       ||     3
       Spear             |       |    25 |       |       ||    25
       Halberd           |       |    19 |     4 |       ||    23
       Great mace        |       |       |    76 |     9 ||    85
       Morningstar       |       |       |    11 |    24 ||    35
       Flail             |       |       |       |    13 ||    13
       Mace              |       |       |       |     7 ||     7
       Dire flail        |       |       |       |     4 ||     4
       Long sword        |       |       |       |     1 ||     1
 Fire: Shortbow          |       |       |    79 |   105 ||   184
Throw: Stone             |    25 |    12 |       |       ||    37
       Javelin           |    12 |    45 |    21 |     6 ||    84
       Dart              |       |       |    27 |       ||    27
       Boomerang         |       |       |     7 |       ||     7
 Cast: Sting             |    26 |     5 |       |       ||    31
       Poisonous Vapours |    14 |    42 |    17 |    96 ||   169
       Olgreb's Toxic Ra |       |     4 |    10 |    10 ||    24
       Ignite Poison     |       |       |    18 |    15 ||    33
       Mephitic Cloud    |       |       |     4 |     7 ||    11
       Call Imp          |       |       |       |    14 ||    14
Invok: Channel Magic     |       |       |       |     4 ||     4
Evoke: Wand              |       |       |       |     5 ||     5
  Use: Scroll            |       |       |    14 |       ||    14
       Potion            |       |       |     4 |       ||     4
 Stab: Sleeping          |     2 |     1 |     1 |       ||     4
  Eat: Chunk             |     5 |    13 |    11 |    18 ||    47
       Ration            |       |       |     2 |       ||     2
Armor: Skin              |     8 |     6 |    15 |     3 ||    32
Dodge: Dodged            |    61 |    36 |    79 |    46 ||   222
Block: Other             |       |     2 |    24 |    27 ||    53
       Reflection        |       |       |     1 |     8 ||     9
